 Dungeon Crawl Stone Soup version 0.30-a0-782-ge64f9170bb (webtiles) character file.

Game seed: 14027934158827855080

37206 sanka the Marksdemigod (level 13, -6/111 HPs)
             Began as a Demigod Hunter on Feb 18, 2023.
             Mangled by a white ugly thing (10 damage)
             ... on level 14 of the Dungeon.
             The game lasted 00:42:05 (17711 turns).

sanka the Marksdemigod (Demigod Hunter)            Turns: 17711, Time: 00:42:05

Health: -6/111     AC: 11    Str: 12    XL:     13   Next: 25%
Magic:  16/16      EV: 28    Int: 11    God:
Gold:   476        SH:  0    Dex: 33    Spells: 9/12 levels left

rFire   . . .      SeeInvis +    a - +3 longbow (freeze)
rCold   . . .      Faith    .    (shield currently unavailable)
rNeg    + . .      Spirit   .    A - +2 robe {rN+}
rPois   .          Reflect  .    p - +1 helmet {SInv}
rElec   .          Harm     .    E - +0 cloak
rCorr   .          Rampage  .    Q - +0 pair of gloves
Will    +....                    F - +2 pair of boots
Stlth   +++                      (no amulet)
HPRegen 0.38/turn                H - +4 ring of slaying
MPRegen 0.15/turn                e - +5 ring of evasion

@: no status effects
A: high MP 1, forlorn, divine attributes
a: no special abilities


You were on level 14 of the Dungeon.
You visited 1 branch of the dungeon, and saw 14 of its levels.
You also visited: Ossuary, Bailey and Gauntlet.

You collected 994 gold pieces.
You spent 518 gold pieces at shops.


Innate Abilities, Weirdness & Mutations

You have an increased reservoir of magic. (+10% MP)
You shall have no god before yourself.
Your divine heritage dramatically boosts your attributes as you level up.


   Skills:
 + Level 9.0 Fighting
 + Level 17.9 Ranged Weapons
 + Level 9.0 Dodging
 - Level 0.8 Stealth


You had 9 spell levels left.
You knew the following spells:

 Your Spells              Type           Power      Damage    Failure   Level
z - Portal Projectile     Hex/Tloc       0%         N/A       71%         3

Your spell library contained the following spells:

 Spells                   Type           Power      Damage    Failure   Level
 Magic Dart               Conj           0%         1d3       34%         1
 Sandblast                Erth           0%         2d4       34%         1
 Blink                    Tloc           0%         N/A       47%         2
 Call Imp                 Summ           0%         N/A       47%         2
 Cigotuvi's Dreadful Rot  Necr/Pois/Air  0%         N/A       47%         2
 Lesser Beckoning         Tloc           0%         N/A       47%         2
 Momentum Strike          Conj/Tloc      0%         3d8       47%         2
 Searing Ray              Conj           0%         2d4       47%         2
 Call Canine Familiar     Summ           0%         N/A       71%         3
 Gell's Gravitas          Tloc           0%         N/A       71%         3
 Ignite Poison            Fire/Tmut/Pois 0%         N/A       71%         3
 Mephitic Cloud           Conj/Pois/Air  0%         N/A       71%         3
 Teleport Other           Tloc           0%         N/A       71%         3
 Animate Armour           Summ/Erth      0%         N/A       98%         4
 Dispel Undead            Necr           0%         3d6       98%         4
 Fulminant Prism          Conj/Hex       0%         3d5       98%         4
 Leda's Liquefaction      Hex/Erth       0%         N/A       98%         4
 Sticky Flame             Conj/Fire      0%         2d3       98%         4
 Borgnjor's Vile Clutch   Necr/Erth      0%         N/A       100%        5
 Death Channel            Necr           0%         N/A       100%        6
 Dispersal                Tloc           0%         N/A       100%        6
 Ignition                 Fire           0%         3d3       100%        8

Inventory:

Hand Weapons
 a - a +3 longbow of freezing (weapon)
 O - a +0 triple crossbow
Missiles
 q - 4 curare-tipped darts {=f}
 L - a throwing net {=f}
Armour
 p - a +1 helmet of see invisible (worn)
 z - the +1 helmet of Immeri Ilac {Contam +Blink rC- Dex+7}

   Dex:       It affects your dexterity (+7).
   rC:        It makes you vulnerable to cold.
   +Blink:    It lets you blink.
   Contam:    It causes magical contamination when unequipped.
 A - a +2 robe of positive energy (worn)
 E - a +0 cloak (worn)
 F - a +2 pair of boots (worn)
 P - +0 acid dragon scales
 Q - a +0 pair of gloves (worn)
Jewellery
 e - a +5 ring of evasion (right hand)
 C - a ring of protection from fire
 H - a +4 ring of slaying (left hand)
 M - a ring of protection from cold
Wands
 b - a wand of mindburst (5)
 r - a wand of digging (8)
 s - a wand of charming (17)
 J - a wand of flame (20)
Scrolls
 c - 5 scrolls of magic mapping
 d - 3 scrolls of fog
 g - 3 scrolls of fear
 j - 2 scrolls of noise {!r}
 k - 2 scrolls of poison {!r}
 l - 3 scrolls of blinking
 x - 4 scrolls of immolation {!r}
 y - 3 scrolls of identify {@r1}
 I - 6 scrolls of teleportation {@r4}
 K - 3 scrolls of vulnerability {!r}
Potions
 f - 2 potions of lignification {!q}
 h - 9 potions of curing {@q1}
 i - 8 potions of attraction {!q}
 m - 6 potions of brilliance
 n - 2 potions of resistance
 o - 3 potions of magic
 t - 3 potions of invisibility
 u - a potion of cancellation
 v - 2 potions of mutation {!q}
 w - 3 potions of flight
 B - 5 potions of heal wounds {@q2}
 D - 5 potions of might
 G - a potion of berserk rage {!q}

Dungeon Overview and Level Annotations

Branches:
Dungeon (14/15)            Temple (0/1) D:4            Lair (0/5) D:11
    Orc (0/2) D:12         Vaults (0/5) D:13        Ossuary (visited)
 Bailey (visited)         Gauntlet (visited)

Shops:
D:2 *   D:7 *:=   D:12 (

Portals:
Trove: D:13 (give +3 gold dragon scales)

Annotations:
D:3 2 transporters, Leeroy's ghost, amateur VSWr
D:5 2 transporters, st0uf2x's ghost, novice DrTm
D:11 exclusion: downstairs
D:12 5 runed translucent doors, exclusion: downstairs

.▒▒..▒ ▒..▒▒.....▒▒..▒▒..▒
▒...
.▒▒..▒▒▒▒...▒▒▒.▒▒▒▒..▒▒..▒
▒... .▒▒........▒▒ ▒..▒
▒..▒▒..▒ ▒.▒▒ .▒▒........▒
▒..▒▒▒..▒▒..▒ ▒.▒
.....▒▒▒▒..▒ ▒▒..........▒
▒.▒ .....▒ ▒..▒
▒..........▒▒▒▒.▒ .....▒
▒..▒ ▒.▒▒...▒▒▒......▒
.▒▒▒.▒ ▒..▒ ▒u▒▒...▒
▒.)....▒ .▒ ▒.▒ ▒..▒
▒p▒▒...▒ ▒......▒ .▒ ▒.▒
▒..▒ ▒.▒▒...▒ ▒..▒▒..▒ .▒
▒.▒ ▒.▒▒...▒ ▒..▒▒..▒ .▒
▒.▒ ▒.▒▒...▒ ▒..▒▒..▒ .▒
▒.▒ ▒.▒▒.u.▒ ▒..▒▒..▒ .▒
▒.▒ ▒.▒▒...▒ ▒..▒▒..▒ .▒
▒.▒ ▒.▒▒..?▒ ▒..▒▒..▒ .▒
▒.▒ ▒.▒▒uu.▒ ▒..▒▒..▒▒ .▒
▒.▒ ▒>..▒ ▒..▒▒....


You could see a white ugly thing.


Message History

The white ugly thing attacks as you move away!
The white ugly thing closely misses you.
The white ugly thing attacks as you move away!
The white ugly thing closely misses you.
The white ugly thing completely misses you.
The white ugly thing attacks as you move away!
The white ugly thing completely misses you.
You shoot an arrow.
The arrow hits the white ugly thing but does no damage.
You shoot an arrow.
The arrow completely misses the white ugly thing.
The white ugly thing trunk-slaps you! The white ugly thing freezes you!!
* * * LOW HITPOINT WARNING * * *
You shoot an arrow.
The arrow hits the white ugly thing but does no damage.
The white ugly thing trunk-slaps you.
* * * LOW HITPOINT WARNING * * *
The white ugly thing freezes you!!
* * * LOW HITPOINT WARNING * * *
You shoot an arrow. The arrow hits the white ugly thing!
The arrow freezes the white ugly thing.
The white ugly thing is moderately wounded.
The white ugly thing completely misses you.
You shoot an arrow.
The arrow hits the white ugly thing but does no damage.
The white ugly thing is moderately wounded.
The white ugly thing trunk-slaps you!
You die...

Action                     |  1- 3 |  4- 6 |  7- 9 | 10-12 | 13-15 || total
---------------------------+-------+-------+-------+-------+-------++-------
  Melee: Long sword        |       |       |    24 |       |       ||    24
         Punch             |       |       |     2 |       |       ||     2
   Fire: Shortbow          |   140 |   196 |   419 |       |       ||   755
         Longbow           |       |       |    60 |   213 |    87 ||   360
         Sling             |       |       |       |   409 |       ||   409
  Evoke: Wand              |       |       |       |     1 |       ||     1
    Use: Scroll            |       |       |    20 |     7 |     1 ||    28
         Potion            |       |       |     5 |     2 |     1 ||     8
 Armour: Leather armour    |    24 |       |       |       |       ||    24
         Robe              |     1 |    22 |    47 |    40 |     5 ||   115
  Dodge: Dodged            |    51 |    50 |   208 |   224 |    30 ||   563

Levels and vault maps discovered:
D:1:      erik_arrival_blinker_ship, layout_basic
D:2:      minmay_razor_zed, layout_loops_corners, serial_shops,
          nicolae_shop_behind_doors
D:3:      layout_rooms, mainiacjoe_overflow_boulevard, general_overflow_altar,
          gammafunk_ghost_stat_death
D:4:      layout_basic, nicolae_hepliaklqana_hazy_memory,
          grunt_qazlal_sundering, kennysheep_mini_moat,
          minmay_temple_entry_metal_lava, kennysheep_generic_room_9,
          uniq_natasha
D:5:      layout_basic, old_standard_altar, fedhas_altar_1,
          gammafunk_ghost_gnarly_gnolls
D:6:      layout_gridville, enter_ossuary_3
D:7:      layout_basic, mainiacjoe_overflow_alcove_1, serial_shops, shop, shop,
          nicolae_inconvenience_store
D:8:      minmay_chambers_of_sevens, layout_layer_cave,
          mainiacjoe_overflow_paths, mainiacjoe_overflow_brackets,
          nicolae_uskayaw_suspiria, enter_bailey_2, uniq_pikel
D:9:      layout_cave_pools
D:10:     layout_roguey, xom_teletrap_fun, uniq_amaemon
D:11:     layout_rooms, lair_entry_dummy
D:12:     layout_basic, orc_david_3, minmay_guarded_unrand_staff_of_olgreb
D:13:     layout_irregular_city, david_vaults_5, nicolae_trove_entry_diagonal,
          gauntlet_entry_generic, solitary_fountain, trog_butcher_becter
D:14:     layout_long_grid, gammafunk_ghost_grave, grunt_gozag_statues,
          nzn_life_drinkers, uniq_agnes

Notes
Turn   | Place    | Note
-------+----------+-------------------------------------------
     0 | D:1      | sanka the Demigod Hunter began the quest for the Orb.
     0 | D:1      | Reached XP level 1. HP: 17/17 MP: 3/3
    75 | D:1      | Reached skill level 2 in Fighting
   196 | D:2      | Reached skill level 4 in Ranged Weapons
   261 | D:1      | Reached XP level 2. HP: 24/24 MP: 4/4
   848 | D:2      | Reached XP level 3. HP: 29/29 MP: 5/5
   873 | D:2      | Found Ithaor's General Store.
  1460 | D:2      | Reached skill level 5 in Ranged Weapons
  1829 | D:3      | Found a transporter.
  1857 | D:3      | Noticed Leeroy's ghost (amateur VSWr)
  1867 | D:2      | Reached XP level 4. HP: 32/36 MP: 6/6
  2078 | D:3      | Found a transporter.
  2462 | D:2      | Bought a +1 helmet of see invisible for 214 gold pieces
  2927 | D:4      | Found a staircase to the Ecumenical Temple.
  2979 | D:4      | Noticed Natasha
  3253 | D:4      | Reached skill level 6 in Ranged Weapons
  3253 | D:4      | Reached XP level 5. HP: 25/41 MP: 7/7
  3460 | D:4      | Reached XP level 6. HP: 48/48 MP: 8/8
  3492 | D:4      | Killed Natasha
  3493 | D:4      | Reached skill level 7 in Ranged Weapons
  3577 | D:4      | Noticed Natasha
  3585 | D:4      | Killed Natasha
  3752 | D:4      | Noticed Natasha
  3816 | D:5      | Entered Level 5 of the Dungeon
  3880 | D:5      | Killed Natasha
  3968 | D:5      | Reached skill level 8 in Ranged Weapons
  3968 | D:5      | Reached XP level 7. HP: 55/55 MP: 9/9
  4030 | D:5      | Found a transporter.
  4288 | D:5      | Found a transporter.
  4681 | D:5      | Reached skill level 9 in Ranged Weapons
  4718 | D:5      | Identified the amulet of Pride {Spirit Dex+6}
  4722 | D:5      | Noticed st0uf2x's ghost (novice DrTm)
  5113 | D:4      | Found a staircase to the Ecumenical Temple.
  5757 | D:4      | Found a staircase to the Ecumenical Temple.
  6240 | D:4      | Found a staircase to the Ecumenical Temple.
  6723 | D:3      | Found a transporter.
  6735 | D:3      | Found a transporter.
  7107 | D:5      | Reached XP level 8. HP: 30/61 MP: 10/10
  7236 | D:6      | Identified the +7 long sword of Etivory {heavy, Str+7}
  7411 | D:6      | Reached skill level 10 in Ranged Weapons
  7411 | D:6      | Reached skill level 2 in Dodging
  7709 | D:6      | Found a sand-covered staircase.
  7719 | Ossuary  | Entered an ossuary
  7770 | Ossuary  | Reached skill level 3 in Fighting
  7890 | Ossuary  | Reached skill level 3 in Dodging
  8120 | Ossuary  | HP: 5/63 [poisoned by a scorpion]
  8131 | Ossuary  | HP: 6/64 [poisoned by a scorpion]
  8310 | Ossuary  | Reached skill level 4 in Fighting
  8330 | Ossuary  | Reached skill level 4 in Dodging
  8864 | D:6      | Reached skill level 5 in Fighting
  8864 | D:6      | Reached XP level 9. HP: 74/74 MP: 11/11
  9018 | D:7      | Reached skill level 5 in Dodging
  9304 | D:7      | Found Cuhah's Jewellery Boutique.
  9359 | D:7      | Reached skill level 6 in Fighting
  9400 | D:7      | Found Ekaisoha's Assorted Antiques.
  9407 | D:7      | Reached skill level 6 in Dodging
  9425 | D:7      | Found Soguczija's Book Shop.
  9913 | D:7      | Identified the +0 robe of Snakes and Ladders {SInv}
 10039 | D:7      | Bought a glowing longbow for 199 gold pieces
 10131 | D:8      | Noticed Pikel
 10137 | D:8      | Killed Pikel
 10287 | D:8      | Reached skill level 11 in Ranged Weapons
 10366 | D:8      | Found a flagged portal.
 10377 | Bailey   | Entered a bailey
 10467 | Bailey   | Reached XP level 10. HP: 81/84 MP: 13/13
 10766 | Bailey   | Identified the +6 sling of Wuen {drain, Int+3 Dex+3}
 10859 | Bailey   | Found the +10 Black Knight's barding {ponderous, rPois rN+}
 11102 | D:8      | Reached skill level 12 in Ranged Weapons
 11394 | D:8      | Identified 2 potions of resistance
 11423 | D:8      | Noticed a boulder beetle
 11427 | D:8      | Noticed a centaur warrior
 11442 | D:8      | Killed a centaur warrior
 11470 | D:8      | Killed a boulder beetle
 11471 | D:8      | Reached skill level 13 in Ranged Weapons
 11774 | D:8      | Learned a level 3 spell: Portal Projectile
 12246 | D:7      | Bought a pitted golden ring for 105 gold pieces
 12246 | D:7      | Identified the ring "Empuruz" {rN+ Int+2} (You bought it in
                  | a shop on level 7 of the Dungeon)
 12646 | D:9      | Noticed a two-headed ogre
 12650 | D:9      | Killed a two-headed ogre
 12651 | D:9      | Reached XP level 11. HP: 91/91 MP: 14/14
 12749 | D:10     | Entered Level 10 of the Dungeon
 12865 | D:10     | Reached skill level 14 in Ranged Weapons
 12919 | D:10     | Noticed Amaemon
 12940 | D:9      | Killed Amaemon
 12979 | D:10     | Reached skill level 7 in Fighting
 13043 | D:10     | Reached skill level 7 in Dodging
 13127 | D:10     | Noticed a two-headed ogre
 13137 | D:10     | Killed a two-headed ogre
 13400 | D:11     | Reached skill level 8 in Fighting
 13400 | D:11     | Reached skill level 8 in Dodging
 13536 | D:11     | Found a staircase to the Lair.
 13550 | D:11     | Noticed a boulder beetle
 13563 | D:11     | Killed a boulder beetle
 13578 | D:11     | Identified +0 acid dragon scales
 13715 | D:11     | Noticed a two-headed ogre
 13721 | D:11     | Killed a two-headed ogre
 13732 | D:11     | Noticed a two-headed ogre
 13733 | D:11     | Noticed a six-headed hydra
 13755 | D:11     | Killed a two-headed ogre
 13758 | D:11     | Killed a six-headed hydra
 13759 | D:11     | Reached skill level 15 in Ranged Weapons
 13987 | D:12     | Found a runed translucent door.
 13988 | D:12     | Found a runed translucent gate.
 13988 | D:12     | Found a runed translucent gate.
 14039 | D:12     | Found the +9 staff of Olgreb {rPois∞}
 14045 | D:12     | Found a runed translucent door.
 14107 | D:12     | Noticed a centaur warrior
 14125 | D:12     | Killed a centaur warrior
 14226 | D:12     | Found a runed translucent gate.
 14239 | D:12     | Found a staircase to the Orcish Mines.
 14248 | D:12     | Reached XP level 12. HP: 93/101 MP: 15/15
 14272 | D:12     | Found Rocaam's Weapon Emporium.
 14917 | D:13     | Reached skill level 16 in Ranged Weapons
 15015 | D:13     | Found a gate leading to a gauntlet.
 15045 | Gauntlet | Entered a Gauntlet
 15045 | Gauntlet | Found a transporter.
 15053 | Gauntlet | Found a transporter.
 15054 | Gauntlet | Found a transporter.
 15065 | Gauntlet | Found a transporter.
 15068 | Gauntlet | Found a transporter.
 15073 | Gauntlet | Found a runed translucent door.
 15073 | Gauntlet | Found a runed translucent door.
 15078 | Gauntlet | Found a transporter.
 15094 | Gauntlet | Found a transporter.
 15095 | Gauntlet | Found the +10 morningstar "Eos" {elec, Halo rElec}
 15104 | Gauntlet | Found a transporter.
 15116 | Gauntlet | Found a transporter.
 15131 | Gauntlet | Found a transporter.
 15140 | Gauntlet | Found a runed translucent door.
 15141 | Gauntlet | Found a transporter.
 15141 | Gauntlet | Found a transporter.
 15142 | Gauntlet | Found a runed translucent door.
 15197 | Gauntlet | Found a transporter.
 15197 | Gauntlet | Found a transporter.
 15596 | Gauntlet | Identified the +1 helmet of Immeri Ilac {Contam +Blink rC-
                  | Dex+7}
 15615 | Gauntlet | Identified the +1 acid dragon scales "Roegg" {Rampage
                  | rCorr}
 15615 | Gauntlet | Noticed a minotaur
 15626 | Gauntlet | Killed a minotaur
 15649 | Gauntlet | Got the Writings on the Volcano
 15912 | D:13     | Found a portal to a secret trove of treasure.
 15940 | D:13     | Noticed a centaur warrior
 15944 | D:13     | Killed a centaur warrior
 15945 | D:13     | Reached skill level 17 in Ranged Weapons
 16077 | D:13     | Noticed a vault guard
 16095 | D:13     | Killed a vault guard
 16099 | D:13     | HP: 4/101 [skeletal warrior/+0 long sword (12)]
 16348 | D:13     | Found a gate to the Vaults.
 16506 | D:13     | Noticed a six-headed hydra
 16515 | D:13     | Killed a six-headed hydra
 16567 | D:13     | Identified the +10 trident of Sunlight {antimagic, Will++}
 16947 | D:14     | Reached XP level 13. HP: 108/108 MP: 16/16
 17641 | D:14     | Reached skill level 9 in Fighting
 17641 | D:14     | Reached skill level 9 in Dodging
 17709 | D:14     | HP: 3/111 [white ugly thing (27)]
 17711 | D:14     | Mangled by a white ugly thing

Vanquished Creatures
  A minotaur (Gauntlet)
  2 hydras
  A vault guard (D:13)
  4 centaur warriors
  5 two-headed ogres
  2 boulder beetles
  A vampire mage (D:14)
  2 tengu warriors
  3 sixfirhies (Gauntlet)
  2 skeletal warriors (D:13)
  Amaemon (D:9)
  A harpy (D:13)
  A deep elf pyromancer (D:14)
  9 ugly things
  Pikel (D:8)
  5 cyclopes
  An orange demon (D:10)
  3 gargoyles
  2 kobold demonologists (D:9)
  An efreet (D:14)
  A komodo dragon (D:13)
  3 tengu conjurers
  3 meliai (D:14)
  2 hornets
  A centaur simulacrum (D:13)
  9 slime creatures
  2 vampires
  8 yaks
  A shadow (D:10)
  2 wyverns
  4 wraiths
  A neqoxec (Gauntlet)
  2 steam dragons
  12 vampire mosquitoes
  A chaos spawn (Gauntlet)
  2 acid dragons
  3 water moccasins
  6 orc warriors
  2 ice beasts
  A black bear (D:7)
  3 ogres
  2 sky beasts
  8 centaurs
  A lemure (D:8)
  2 phantoms
  7 bullfrogs
  2 kobold brigands
  2 necrophages
  13 scorpions
  3 wights (D:8)
  9 killer bees
  8 vampire bats (Bailey)
  6 wolf zombies (Bailey)
  7 howler monkeys
  A centaur zombie (Ossuary)
  4 hounds
  2 human zombies (Ossuary)
  2 jellies
  3 gnoll boudas
  4 orc priests
  2 iguanas
  5 orc wizards
  A scorpion zombie (Ossuary)
  Natasha (thrice) (D:4 D:5)
  3 mummies (Ossuary)
  22 gnolls
  4 adders
  2 white imps
  4 ufetubi
  6 dart slugs
  5 worms
  47 orcs
  6 endoplasms
  7 giant cockroaches
  5 gnoll zombies (Ossuary)
  5 hobgoblins
  12 kobolds
  5 quokkas
  8 ball pythons
  10 bats
  4 frilled lizards
  8 goblins
  A goblin zombie (Ossuary)
  2 hobgoblin zombies (Ossuary)
  A jackal zombie (D:6)
  2 kobold zombies (Ossuary)
  24 orc zombies
  A rat (D:3)
408 creatures vanquished.

Vanquished Creatures (others)
  6 plants (D:5)
6 creatures vanquished.

Grand Total: 414 creatures vanquished
